 Dungeon Crawl Stone Soup version 0.15.0-13-gb296d5c (webtiles) character file.

105 Kashira the Sneak (level 4, -4/38 HPs)
             Began as a Naga Enchanter on Sept 2, 2014.
             Killed from afar by Dowan (10 damage)
             ... with a puff of frost
             ... on Level 4 of the Dungeon.
             The game lasted 00:12:51 (2282 turns).

Kashira the Sneak (Naga Enchanter)                  Turns: 2282, Time: 00:12:52

HP  -4/38        AC  3     Str 10      XL: 4   Next: 81%
MP   2/7         EV 10     Int 17      God:
Gold 111         SH  0     Dex 11      Spells:  3 memorised,  0 levels left

rFire  . . .     SeeInvis +     l - +2 mace (holy)
rCold  . . .     Clarity  .     b - +1 robe
rNeg   . . .     rCorr    .     (no shield)
rPois  +         rRot     .     (no helmet)
rElec  .         Spirit   .     (no cloak)
SustAb .         Warding  .     (no gloves)
rMut   .         Stasis   .     (no barding)
Gourm  .                        (no amulet)
MR     +....                    a - ring of protection from magic
                                (no ring)

@: about to teleport, very slow, somewhat resistant to hostile enchantments,
fairly stealthy
A: spit poison, see invisible, deformed body, poison resistance, slowness 2, AC
+1
a: Spit Poison


You were on level 4 of the Dungeon.
You were near starving.

You visited 1 branch of the dungeon, and saw 4 of its levels.

You collected 111 gold pieces.

Inventory:

Hand weapons
 l - a +2 mace of holy wrath (weapon)
Armour
 b - a +1 robe (worn)
Comestibles
 d - 2 bread rations
 f - 3 meat rations
Scrolls
 e - 5 scrolls of identify {unknown}
 g - a scroll of magic mapping {unknown}
 i - a scroll of blinking {unknown}
 k - 3 scrolls of enchant weapon {unknown}
 n - 3 scrolls of remove curse
Jewellery
 a - a ring of protection from magic (right hand)
Potions
 m - 3 potions of invisibility
 o - 2 potions of haste {unknown}
Books
 c - a book of Maledictions

   Spells                             Type                      Level
   *Corona                            Hexes                        1
   Sure Blade                         Hexes/Charms                 2
   Ensorcelled Hibernation            Hexes/Ice                    2
   *Confuse                           Hexes                        3
   *Dazzling Spray                    Conjuration/Hexes            3
   Enslavement                        Hexes                        4


   Skills:
 + Level 1.2 Fighting
   Level 1.0 Short Blades
 + Level 2.5 Dodging
 - Level 4.9 Stealth
 + Level 2.2 Spellcasting
 + Level 0.2 Conjurations
 + Level 3.9 Hexes


You couldn't memorise any spells.
You knew the following spells:

 Your Spells              Type           Power        Failure   Level  Hunger
a - Corona                Hex            ###....      3%          1    #......
b - Dazzling Spray        Conj/Hex       #.......     24%         3    ####...
c - Confuse               Hex            ###.....     12%         3    ####...


Dungeon Overview and Level Annotations

Branches:
Dungeon (4/15)
 Temple: D:4-7

Altars:
Yredelemnul
The Shining One

Annotations:
D:3 Grinder
D:4 Dowan; Duvessa; Kashira's ghost, average NaEn


Innate Abilities, Weirdness & Mutations

You cannot wear boots.
You can spit poison.
Your serpentine skin is tough (AC +1).
You have supernaturally acute eyesight.
Armour fits poorly on your strangely shaped body.
Your system is resistant to poisons.
You cover ground very slowly.


Message History

Unknown command.
You barely miss Dowan.
Dowan is severely wounded.
Dowan is no longer blind.
Dowan hits you but does no damage. Duvessa hits you with a cutlass.
Dowan hits you but does no damage.
Unknown command.
Duvessa closely misses you. Duvessa hits you with a cutlass!
* * * LOW HITPOINT WARNING * * *
Drink which item? (? for menu, Esc to quit)
Okay, then.
Drink which item? (? for menu, Esc to quit)
Okay, then.
Read which item? (? for menu, Esc to quit)
As you read the scroll labeled FYACOR EVE DECIUSK, it crumbles to dust.
You feel strangely unstable.
It was a scroll of teleportation.
Duvessa is no longer blind.
Dowan gestures at you while chanting. The puff of frost hits you!
You die...

###### #....#######
#....#.....+ #....'.....#
############....###'###
#...........##'##.....#
+....e......#..........
#.<..e@.....'..........
#...........##+##.....#
........#+##.......###+###
........# #..............
[.......# #..............
.......# #..............
......+ +..............
.....# #.............. +##
####+####'##+##


You could see Duvessa and Dowan.

Vanquished Creatures
  3 adders
  5 giant geckos
  An ooze (D:1)
  An orc (D:3)
  3 ball pythons
  11 goblins
  8 hobgoblins
  4 jackals (D:1)
  8 kobolds
  2 quokkas
  5 bats
  6 giant cockroaches
  7 rats
  A spectral orc (D:3)
65 creatures vanquished.

Notes
Turn   | Place    | Note
--------------------------------------------------------------
     0 | D:1      | Kashira, the Naga Enchanter, began the quest for the Orb.
     0 | D:1      | Reached XP level 1. HP: 15/15 MP: 3/3
    68 | D:1      | Found a glowing golden altar of the Shining One.
   180 | D:1      | Reached XP level 2. HP: 22/22 MP: 4/4
   785 | D:1      | Reached XP level 3. HP: 6/28 MP: 6/6
   790 | D:1      | Learned a level 3 spell: Dazzling Spray
  1444 | D:2      | Reached XP level 4. HP: 37/37 MP: 7/7
  1449 | D:2      | Learned a level 3 spell: Confuse
  1894 | D:3      | Reached skill level 1 in Fighting
  2138 | D:3      | Found a basalt altar of Yredelemnul.
  2169 | D:3      | Noticed Grinder
  2241 | D:4      | Noticed Kashira's ghost (average NaEn)
  2267 | D:4      | Noticed Dowan
  2269 | D:4      | Noticed Duvessa
  2282 | D:4      | Killed from afar by Dowan

Action                   |  1- 3 |  4- 6 || total
-------------------------+-------+-------++-------
Melee: Dagger            |     4 |       ||     4
       Mace              |    43 |    46 ||    89
 Cast: Corona            |     2 |       ||     2
       Dazzling Spray    |     5 |     7 ||    12
 Abil: Spit Poison       |    39 |    24 ||    63
  Use: Scroll            |     3 |     1 ||     4
 Stab: Sleeping          |     2 |     1 ||     3
  Eat: Chunk             |     4 |     4 ||     8
